 Dungeon Crawl Stone Soup version 0.17-a0-1830-g81820eb (webtiles) character file.

84 DecibelRebel the Poker (level 4, -1/33 HPs)
             Began as a Merfolk Skald on Sept 14, 2015.
             Slain by an orc wizard
             ... wielding a +0 dagger
              (3 damage)
             ... on level 3 of the Dungeon.
             The game lasted 00:12:30 (2295 turns).

DecibelRebel the Poker (Merfolk Skald)              Turns: 2295, Time: 00:12:30

Health: -1/33      AC:  4    Str: 13    XL:     4   Next: 45%
Magic:  2/7        EV:  5    Int: 11    God:
Gold:   95         SH:  3    Dex: 13    Spells: 3 memorised, 2 levels left

rFire  . . .     SeeInvis .     a - +0 spear
rCold  . . .     Clarity  .     b - +0 leather armour
rNeg   . . .     SustAt   .     k - +0 buckler
rPois  .         Gourm    .     (no helmet)
rElec  .         Spirit   .     (no cloak)
rCorr  .         Warding  .     g - +0 pair of gloves
rMut   .         Stasis   .     (no boots)
MR     .....                    (no amulet)
Stlth  +.........               (no ring)
                                (no ring)

@: not resistant to hostile enchantments, very unstealthy
A: change form in water, swift swim
a: no special abilities


You were on level 3 of the Dungeon.
You were very hungry.

You visited 1 branch of the dungeon, and saw 3 of its levels.

You collected 95 gold pieces.

Inventory:

Hand weapons
 a - a +0 spear (weapon)
Missiles
 n - 2 tomahawks of dispersal (quivered)
Armour
 b - a +0 leather armour (worn)
 g - a +0 pair of gloves (worn)
 k - a +0 buckler (worn)
Scrolls
 e - 2 scrolls of identify {unknown}
 h - a scroll of magic mapping {unknown}
 q - 2 scrolls of fear {unknown}
 r - a scroll of random uselessness {unknown}
Potions
 f - a potion of resistance {unknown}
 i - a potion of invisibility {unknown}
 j - a potion of cancellation {unknown}
 l - 2 potions of lignification {unknown}
 o - a potion of curing {unknown}
 p - a potion of magic {unknown}
Books
 c - a book of Battle

   Spells                             Type                      Level
   a - Infusion                       Charms                       1
   b - Shroud of Golubria             Charms/Translocation         2
   c - Song of Slaying                Charms                       2
   d - Spectral Weapon                Hexes/Charms                 3
   e - Regeneration                   Charms/Necromancy            3
Comestibles
 d - a bread ration
 m - a slice of pizza


   Skills:
 - Level 2.1 Fighting
 * Level 6.6 Polearms
 - Level 0.6 Armour
 - Level 1.3 Dodging
 - Level 2.0 Spellcasting
 - Level 3.2 Charms


You had 2 spell levels left.
You knew the following spells:

 Your Spells              Type           Power        Failure   Level  Hunger
a - Infusion              Chrm           #.....       17%         1    ##.....
b - Shroud of Golubria    Chrm/Tloc      #.........   52%         2    ###....
c - Song of Slaying       Chrm           #.......     28%         2    ###....


Dungeon Overview and Level Annotations

Branches:
Dungeon (3/15)

Altars:
Zin
Lugonu

Portals:
Abyss: D:1


Message History

You hear some strange, mumbled words.
A puff of flame appears from out of thin air!
The puff of flame misses you.
You closely miss something. Something completely misses you.
You barely miss something. You block its attack.
You barely miss something. Something hits you.
You closely miss something. You barely miss something.
Something hits you but does no damage.
You hear some strange, mumbled words.
A puff of flame appears from out of thin air!
The puff of flame hits you!
You closely miss something. Something hits you.
You hit something but do no damage. Something hits you but does no damage.
You barely miss something.
You hear some strange, mumbled words.
A magic dart appears from out of thin air!
The magic dart hits you!
* * * LOW HITPOINT WARNING * * *
Something hits you.
You die...

#.........#
#.........#
#.........#
#.##.######
###.##[#
#....oo#
#.####o# #.
#{# # #@#
###


You could see 3 orcs.

Vanquished Creatures
  An adder (D:2)
  An ooze (D:1)
  A worm (D:2)
  4 giant geckos
  4 orcs (D:3)
  8 bats
  5 giant cockroaches
  5 goblins
  7 hobgoblins
  4 jackals (D:1)
  2 ball pythons
  3 giant newts
  7 kobolds
  8 rats
60 creatures vanquished.

Notes
Turn   | Place    | Note
--------------------------------------------------------------
     0 | D:1      | DecibelRebel the Merfolk Skald began the quest for the Orb.
     0 | D:1      | Reached XP level 1. HP: 16/16 MP: 3/3
    66 | D:1      | Found a corrupted altar of Lugonu.
    66 | D:1      | Found a one-way gate to the infinite horrors of the Abyss.
    66 | D:1      | Noticed an iron imp
    66 | D:1      | Noticed an iron imp
    66 | D:1      | Noticed an iron imp
    66 | D:1      | Noticed a quasit
    66 | D:1      | Noticed an iron imp
    66 | D:1      | Noticed an iron imp
    66 | D:1      | Noticed a quasit
    67 | D:1      | Noticed an iron imp
    68 | D:1      | Noticed an iron imp
    75 | D:1      | Reached skill level 4 in Polearms
    75 | D:1      | Reached XP level 2. HP: 13/22 MP: 5/5
    76 | D:1      | Noticed a quasit
   204 | D:1      | Learned a level 2 spell: Shroud of Golubria
   207 | D:1      | Learned a level 2 spell: Song of Slaying
   490 | D:1      | Reached skill level 5 in Polearms
   490 | D:1      | Reached XP level 3. HP: 20/27 MP: 4/6
  1200 | D:2      | Found a glowing silver altar of Zin.
  1294 | D:2      | Reached skill level 6 in Polearms
  1300 | D:2      | Reached XP level 4. HP: 25/33 MP: 0/7
  2295 | D:3      | Slain by an orc wizard

Vault maps used:
D:1:      erik_arrival_cave_to_civilisation, st_stairs_7
D:2:      zin_scriptorium
D:3:      first_bread, uniq_robin

Action                   |  1- 3 |  4- 6 || total
-------------------------+-------+-------++-------
Melee: Spear             |   164 |   114 ||   278
 Cast: Infusion          |     4 |     4 ||     8
       Shroud of Golubri |       |     3 ||     3
       Song of Slaying   |       |     2 ||     2
  Eat: Chunk             |     1 |     3 ||     4
